BLB
PAWTUCKET PATRIOTS @ DALLAS DRILLERS
05/28/2060
 
TOP OF THE 1ST
Pawtucket Patriots batting - Pitching for Dallas Drillers : LHP Benjamin Racek
Pitching: LHP Benjamin Racek
Batting: RHB Keith Friday 0-0: Called Strike
0-1: Ball
1-1: Swinging Strike
1-2: Foul Ball, location: 2F
1-2: Ball
2-2: Ball
3-2: Strikes out swinging
Batting: SHB Jaden Maldonado 0-0: Called Strike
0-1: Ball
1-1: Ball
2-1: Ground out 5-3 (Groundball, 56S, EV 64.4 MPH)
Batting: RHB Carter Kocher 0-0: SINGLE (Line Drive, 6D, EV 100.0 MPH)
Batting: RHB Burgess Nalivkin 0-0: Swinging Strike
0-1: Called Strike
0-2: Strikes out swinging
Top of the 1st over - 0 runs, 1 hit, 0 errors, 1 left on base; Pawtucket 0 - Dallas 0
BOTTOM OF THE 1ST
Dallas Drillers batting - Pitching for Pawtucket Patriots : RHP Wyatt McManus
Pitching: RHP Wyatt McManus
Batting: LHB Raymond Crisp 0-0: Ball
1-0: Ground out 6-3 (Groundball, 6M, EV 100.0 MPH)
Batting: RHB Aubrey Albano 0-0: Ball
1-0: Swinging Strike
1-1: Ball
2-1: Ball
3-1: Called Strike
3-2: Foul Ball, location: 2F
3-2: Ground out 6-3 (Groundball, 6S, EV 68.1 MPH)
Batting: LHB Lukas Hart 0-0: Ball
1-0: Ball
2-0: Ball
3-0: Base on Balls
Batting: LHB Devin Welninski 0-0: Fly out, F7 (Flyball, 7D, EV 101.2 MPH)
Bottom of the 1st over - 0 runs, 0 hits, 0 errors, 1 left on base; Pawtucket 0 - Dallas 0
TOP OF THE 2ND
Pawtucket Patriots batting - Pitching for Dallas Drillers : LHP Benjamin Racek
Batting: RHB Logan Kyle 0-0: Ball
1-0: Called Strike
1-1: Called Strike
1-2: Strikes out looking
Batting: RHB Brayden Carlson 0-0: Called Strike
0-1: Ball
1-1: Foul Ball, location: 2F
1-2: Ball
2-2: SINGLE (Groundball, 4MD, EV 103.8 MPH)
Batting: LHB Benjamin Guy 0-0: Ball
1-0: Swinging Strike
1-1: Ball
2-1: Called Strike
2-2: Ball
3-2: SINGLE (Line Drive, 4MD, EV 99.4 MPH)
Brayden Carlson to second
Brayden Carlson to third
Batting: SHB Cody Janway 0-0: Ball
1-0: Swinging Strike
1-1: Called Strike
1-2: Fly out, F6 (Popup, 6, EV 76.9 MPH)
Batting: RHB Paxton Barnett 0-0: Ball
1-0: Ball
2-0: Ball
3-0: Base on Balls
Benjamin Guy to second
Batting: RHB Keith Friday 0-0: Ground out 1-3 (Groundball, 13S, EV 71.9 MPH)
Top of the 2nd over - 0 runs, 2 hits, 0 errors, 3 left on base; Pawtucket 0 - Dallas 0
BOTTOM OF THE 2ND
Dallas Drillers batting - Pitching for Pawtucket Patriots : RHP Wyatt McManus
Batting: SHB Tucker Shad 0-0: Called Strike
0-1: Swinging Strike
0-2: SINGLE (Groundball, 34D, EV 106.9 MPH)
Batting: LHB Ed Baker 0-0: Ball
Tucker Shad is caught stealing 2nd base 2-6
1-0: Fly out, F7 (Flyball, 7, EV 81.9 MPH)
Batting: RHB Jehvon Curry 0-0: Called Strike
0-1: Foul Ball, location: 2F
0-2: Strikes out swinging
Bottom of the 2nd over - 0 runs, 1 hit, 0 errors, 0 left on base; Pawtucket 0 - Dallas 0
TOP OF THE 3RD
Pawtucket Patriots batting - Pitching for Dallas Drillers : LHP Benjamin Racek
Batting: SHB Jaden Maldonado 0-0: Ground out 6-3 (Groundball, 6D, EV 98.8 MPH)
Batting: RHB Carter Kocher 0-0: Foul Ball, location: 2F
0-1: Ground out 5-3 (Groundball, 56S, EV 70.6 MPH)
Batting: RHB Burgess Nalivkin 0-0: Ball
1-0: Swinging Strike
1-1: Swinging Strike
1-2: Ball
2-2: Ball
3-2: Foul Ball, location: 2F
3-2: Strikes out swinging
Top of the 3rd over - 0 runs, 0 hits, 0 errors, 0 left on base; Pawtucket 0 - Dallas 0
BOTTOM OF THE 3RD
Dallas Drillers batting - Pitching for Pawtucket Patriots : RHP Wyatt McManus
Batting: SHB Cooper Heizer 0-0: Fly out, F7 (Flyball, 78S, EV 71.2 MPH)
Batting: RHB Donovan Bergin 0-0: Ball
1-0: Ball
2-0: Foul Ball, location: 2F
2-1: Fly out, F8 (Flyball, 8RD, EV 94.4 MPH)
Batting: LHB Raymond Crisp 0-0: Ball
1-0: Called Strike
1-1: SINGLE (Groundball, 25, EV 70.0 MPH) (infield hit)
Batting: RHB Aubrey Albano 0-0: Ball
1-0: Called Strike
1-1: Swinging Strike
1-2: Foul Ball, location: 2F
1-2: Fielders Choice at 2nd, 6-4 (Groundball, 6, EV 105.6 MPH)
Bottom of the 3rd over - 0 runs, 1 hit, 0 errors, 1 left on base; Pawtucket 0 - Dallas 0
TOP OF THE 4TH
Pawtucket Patriots batting - Pitching for Dallas Drillers : LHP Benjamin Racek
Batting: RHB Logan Kyle 0-0: Foul Ball, location: 2F
0-1: Ball
1-1: Ball
2-1: Ball
3-1: Foul Ball, location: 2F
3-2: Foul Ball, location: 2F
3-2: Strikes out looking
Batting: RHB Brayden Carlson 0-0: Ball
1-0: Swinging Strike
1-1: Ball
2-1: Foul Ball, location: 2F
2-2: Fly out, F2 (Popup, 23F, EV 91.2 MPH)
Batting: LHB Benjamin Guy 0-0: Ball
1-0: Ball
2-0: Ball
3-0: Called Strike
3-1: Called Strike
3-2: Foul Ball, location: 2F
3-2: Ground out 4-3 (Groundball, 4, EV 91.9 MPH)
Top of the 4th over - 0 runs, 0 hits, 0 errors, 0 left on base; Pawtucket 0 - Dallas 0
BOTTOM OF THE 4TH
Dallas Drillers batting - Pitching for Pawtucket Patriots : RHP Wyatt McManus
Batting: LHB Lukas Hart 0-0: Called Strike
0-1: Swinging Strike
0-2: SINGLE (Line Drive, 8LS, EV 111.2 MPH)
Batting: LHB Devin Welninski 0-0: Called Strike
0-1: Ball
1-1: Called Strike
1-2: Ball
2-2: Ground out 6-3 (Groundball, 6M, EV 104.4 MPH)
Lukas Hart to second
Batting: SHB Tucker Shad 0-0: Ball
1-0: Foul Ball, location: 2F
1-1: Foul Ball, location: 2F
1-2: Ball
2-2: Ball
Wild Pitch!
Lukas Hart to third
3-2: Strikes out looking
Batting: LHB Ed Baker 0-0: Ball
1-0: Ball
2-0: Foul Ball, location: 2F
2-1: Swinging Strike
2-2: Foul Ball, location: 2F
2-2: Foul Ball, location: 2F
2-2: Ground out 4-3 (Groundball, 4S, EV 84.4 MPH)
Bottom of the 4th over - 0 runs, 1 hit, 0 errors, 1 left on base; Pawtucket 0 - Dallas 0
TOP OF THE 5TH
Pawtucket Patriots batting - Pitching for Dallas Drillers : LHP Benjamin Racek
Batting: SHB Cody Janway 0-0: Called Strike
0-1: Foul Ball, location: 2F
0-2: Ball
1-2: Ground out 6-3 (Groundball, 6M, EV 91.2 MPH)
Batting: RHB Paxton Barnett 0-0: Ball
1-0: Ball
2-0: Ground out 5-3 (Groundball, 5L, EV 108.8 MPH)
Batting: RHB Keith Friday 0-0: Swinging Strike
0-1: Fly out, F6 (Popup, 6S, EV 65.6 MPH)
Top of the 5th over - 0 runs, 0 hits, 0 errors, 0 left on base; Pawtucket 0 - Dallas 0
BOTTOM OF THE 5TH
Dallas Drillers batting - Pitching for Pawtucket Patriots : RHP Wyatt McManus
Batting: RHB Jehvon Curry 0-0: Foul Ball, location: 2F
0-1: Ball
1-1: Called Strike
1-2: Foul Ball, location: 2F
1-2: Ball
2-2: Ball
3-2: Foul Ball, location: 2F
3-2: Reached on error, E3 (Groundball, 34, EV 88.1 MPH)
Batting: SHB Cooper Heizer 0-0: Bunted foul
0-1: Bunted foul
0-2: Reached on error, E5 (Groundball, 5, EV 108.1 MPH)
Jehvon Curry to second
Batting: RHB Donovan Bergin 0-0: Ball
1-0: Ball
2-0: SINGLE (Groundball, 34D, EV 93.8 MPH)
Jehvon Curry to third
Cooper Heizer to second
Batting: LHB Raymond Crisp 0-0: Ball
1-0: Ball
2-0: Reached on error, E6 (Groundball, 56, EV 92.5 MPH)
Jehvon Curry scores
Cooper Heizer to third
Donovan Bergin to second
Batting: RHB Aubrey Albano 0-0: Ball
1-0: Called Strike
1-1: Foul Ball, location: 2F
1-2: Foul Ball, location: 2F
1-2: Ball
2-2: Ball
3-2: Base on Balls
Cooper Heizer scores
Donovan Bergin to third
Raymond Crisp to second
Batting: LHB Lukas Hart 0-0: Ball
1-0: Grounds into double play, 4-6-3 (Groundball, 4, EV 83.1 MPH)
Donovan Bergin scores
Raymond Crisp to third
Batting: LHB Devin Welninski 0-0: Ball
1-0: Fly out, F8 (Flyball, 8LM, EV 85.0 MPH)
Bottom of the 5th over - 3 runs, 1 hit, 3 errors, 1 left on base; Pawtucket 0 - Dallas 3
TOP OF THE 6TH
Pawtucket Patriots batting - Pitching for Dallas Drillers : LHP Benjamin Racek
Batting: SHB Jaden Maldonado 0-0: Called Strike
0-1: Called Strike
0-2: Strikes out swinging
Batting: RHB Carter Kocher 0-0: Ball
1-0: Ground out 6-3 (Groundball, 6, EV 81.2 MPH)
Batting: RHB Burgess Nalivkin 0-0: Called Strike
0-1: Foul Ball, location: 2F
0-2: Ball
1-2: Ball
2-2: Strikes out swinging
Top of the 6th over - 0 runs, 0 hits, 0 errors, 0 left on base; Pawtucket 0 - Dallas 3
BOTTOM OF THE 6TH
Dallas Drillers batting - Pitching for Pawtucket Patriots : RHP Wyatt McManus
Batting: SHB Tucker Shad 0-0: Ball
1-0: Swinging Strike
1-1: Called Strike
1-2: Foul Ball, location: 2F
1-2: Ball
2-2: Ball
3-2: Base on Balls
Batting: LHB Ed Baker 0-0: Ball
1-0: Bunted foul
1-1: Sac Bunt to 25 - play at second, runner OUT! 5-6
Pitching: LHP Micah Brock
Batting: RHB Jehvon Curry 0-0: Ball
1-0: Called Strike
1-1: Ball
2-1: Foul Ball, location: 2F
2-2: DOUBLE (Groundball, 5L, EV 100.6 MPH)
Ed Baker to third
Batting: SHB Cooper Heizer 0-0: Ball
1-0: Called Strike
1-1: Ball
2-1: Ball
3-1: Foul Ball, location: 2F
3-2: Strikes out looking
Batting: RHB Donovan Bergin 0-0: Swinging Strike
0-1: Called Strike
0-2: Ball
1-2: SINGLE (Groundball, 6MD, EV 96.9 MPH)
Ed Baker scores
Jehvon Curry to third
Runner from 3rd tries for Home, SAFE, throw by CF to home
Donovan Bergin to second
Batting: LHB Raymond Crisp 0-0: Ball
Wild Pitch!
Donovan Bergin to third
1-0: Called Strike
1-1: Ball
2-1: Foul Ball, location: 2F
2-2: Ball
3-2: Base on Balls
Batting: RHB Aubrey Albano Pickoff Throw to First - Out! 1-3
Bottom of the 6th over - 2 runs, 2 hits, 0 errors, 1 left on base; Pawtucket 0 - Dallas 5
TOP OF THE 7TH
Pawtucket Patriots batting - Pitching for Dallas Drillers : LHP Benjamin Racek
Batting: RHB Logan Kyle 0-0: Ball
1-0: Ball
2-0: Foul Ball, location: 2F
2-1: Ball
3-1: Foul Ball, location: 2F
3-2: SOLO HOME RUN (Flyball, 7LD, EV 93.1 MPH), Distance : 348 ft
Batting: RHB Brayden Carlson 0-0: Called Strike
0-1: Ball
1-1: Ground out 3-1 (Groundball, 34, EV 85.6 MPH)
Batting: LHB Benjamin Guy 0-0: Fly out, F7 (Flyball, 78M, EV 91.9 MPH)
Batting: SHB Cody Janway 0-0: Ball
1-0: Foul Ball, location: 2F
1-1: Ground out 6-3 (Groundball, 6MS, EV 85.6 MPH)
Top of the 7th over - 1 run, 1 hit, 0 errors, 0 left on base; Pawtucket 1 - Dallas 5
BOTTOM OF THE 7TH
Dallas Drillers batting - Pitching for Pawtucket Patriots : LHP Micah Brock
Batting: RHB Aubrey Albano 0-0: Called Strike
0-1: Ball
1-1: Fly out, F7 (Flyball, 78S, EV 86.9 MPH)
Batting: LHB Lukas Hart 0-0: Called Strike
0-1: Ball
1-1: Ball
2-1: Ball
3-1: Foul Ball, location: 2F
3-2: SINGLE (Groundball, 4MD, EV 108.1 MPH)
Batting: LHB Devin Welninski 0-0: Swinging Strike
0-1: Ball
1-1: Ball
2-1: Swinging Strike
2-2: Fly out, F8 (Flyball, 8RXD, EV 76.9 MPH)
Batting: SHB Tucker Shad 0-0: Ball
1-0: Called Strike
1-1: Foul Ball, location: 2F
1-2: Ball
2-2: Foul Ball, location: 2F
2-2: Foul Ball, location: 2F
2-2: Ball
3-2: Base on Balls
Lukas Hart to second
Pitching: RHP Gage Curling
Batting: LHB Ed Baker 0-0: Called Strike
0-1: Ball
1-1: Foul Ball, location: 2F
1-2: Fly out, F8 (Flyball, 8LD, EV 103.8 MPH)
Bottom of the 7th over - 0 runs, 1 hit, 0 errors, 2 left on base; Pawtucket 1 - Dallas 5
TOP OF THE 8TH
Pawtucket Patriots batting - Pitching for Dallas Drillers : LHP Benjamin Racek
Pitching: LHP Derek Bane
Batting: RHB Paxton Barnett 0-0: Called Strike
0-1: SINGLE (Line Drive, 34D, EV 95.6 MPH)
Batting: RHB Keith Friday 0-0: Ball
1-0: Foul Ball, location: 2F
1-1: Ball
2-1: DOUBLE (Line Drive, 7LD, EV 105.0 MPH)
Paxton Barnett to third
Pitching: LHP Xander Crosby
Batting: SHB Jaden Maldonado 0-0: Ball
1-0: Foul Ball, location: 2F
1-1: Ball
2-1: Swinging Strike
2-2: Ball
3-2: Foul Ball, location: 2F
3-2: Base on Balls
Batting: RHB Carter Kocher 0-0: Ball
1-0: Called Strike
1-1: Fly out, F7 (Line Drive, 7LS, EV 93.8 MPH)
Runner from 3rd tags up, OUT at HOME! 7-2
Keith Friday to third
Jaden Maldonado to second
Batting: RHB Burgess Nalivkin 0-0: Foul Ball, location: 2F
0-1: Ball
1-1: Swinging Strike
1-2: Foul Ball, location: 2F
1-2: Strikes out swinging
Top of the 8th over - 0 runs, 2 hits, 0 errors, 2 left on base; Pawtucket 1 - Dallas 5
BOTTOM OF THE 8TH
Dallas Drillers batting - Pitching for Pawtucket Patriots : RHP Gage Curling
Batting: RHB Jehvon Curry 0-0: Hit by Pitch
Batting: SHB Cooper Heizer 0-0: Ball
1-0: Sac Bunt to 5S - play at first, batter OUT! 5-3
Jehvon Curry to second
Batting: RHB Donovan Bergin 0-0: Called Strike
0-1: Ball
1-1: Swinging Strike
1-2: Ball
2-2: Strikes out looking
Batting: LHB Raymond Crisp 0-0: Ground out 4-3 (Groundball, 4, EV 86.2 MPH)
Bottom of the 8th over - 0 runs, 0 hits, 0 errors, 1 left on base; Pawtucket 1 - Dallas 5
TOP OF THE 9TH
Pawtucket Patriots batting - Pitching for Dallas Drillers : LHP Xander Crosby
Batting: RHB Logan Kyle 0-0: Ball
1-0: Ball
2-0: Called Strike
2-1: Ball
3-1: Base on Balls
Batting: RHB Brayden Carlson 0-0: Called Strike
0-1: Ball
1-1: Foul Ball, location: 2F
1-2: Foul Ball, location: 2F
1-2: Strikes out swinging
Batting: LHB Benjamin Guy 0-0: SINGLE (Groundball, 4MD, EV 106.2 MPH)
Logan Kyle to second
Batting: SHB Cody Janway 0-0: Called Strike
0-1: Called Strike
0-2: Ball
1-2: Ball
2-2: Strikes out looking
Batting: RHB Paxton Barnett 0-0: Called Strike
0-1: Ball
1-1: Swinging Strike
1-2: Foul Ball, location: 2F
1-2: Strikes out swinging
Top of the 9th over - 0 runs, 1 hit, 0 errors, 2 left on base; Pawtucket 1 - Dallas 5
Friday, May 3rd , 2024 - OOTP Baseball 23.10 Build 110